 Dungeon Crawl Stone Soup version 0.28.0-43-g3370ac3207 (webtiles) character file.

Game seed: 1299923063766075968

49 Gabide the Chiller (level 3, -2/27 HPs)
             Began as a Demigod Ice Elementalist on Mar 29, 2022.
             Slain by Sigmund
             ... wielding a +0 scythe
              (6 damage)
             ... on level 1 of the Dungeon.
             The game lasted 00:02:38 (1517 turns).

Gabide the Chiller (Demigod Ice Elementalist)       Turns: 1517, Time: 00:02:39

Health: -2/27      AC:  3    Str:  9    XL:     3   Next: 32%
Magic:  6/9        EV: 12    Int: 21    God:
Gold:   37         SH:  0    Dex: 14    Spells: 2/6 levels left

rFire   . . .      SeeInvis .   (no weapon)
rCold   . . .      Faith    .   (no shield)
rNeg    . . .      Spirit   .   a - +0 robe
rPois   .          Reflect  .   (no helmet)
rElec   .          Harm     .   b - +0 cloak
rCorr   .          Rampage  .   (no gloves)
Will    .....                   (no boots)
Stlth   ++........              (no amulet)
HPRegen 0.09/turn               (no ring)
MPRegen 0.11/turn               (no ring)

@: about to teleport
A: high MP 1, forlorn, divine attributes
a: no special abilities


You were on level 1 of the Dungeon.
You visited 1 branch of the dungeon, and saw 2 of its levels.

You collected 37 gold pieces.

Inventory:

Armour
 a - a +0 robe (worn)
 b - a +0 cloak (worn)
Scrolls
 c - a scroll of magic mapping
Potions
 d - a potion of haste {unknown}


   Skills:
 * Level 0.4 Fighting
 * Level 2.2 Dodging
 + Level 1.7 Stealth
 * Level 2.3 Spellcasting
 * Level 4.1 Ice Magic


You had 2 spell levels left.
You knew the following spells:

 Your Spells              Type           Power      Damage    Failure   Level
a - Freeze                Ice            76%        1d9       2%          1
b - Ozocubu's Armour      Ice            19%        N/A       8%          3

Your spell library contained the following spells:

 Spells                   Type           Power      Damage    Failure   Level
 Sting                    Tmut/Pois      8%         1d3       14%         1
 Poisonous Vapours        Pois/Air       4%         N/A       22%         2
 Frozen Ramparts          Ice            38%        1d5       8%          3
 Hailstorm                Conj/Ice       11%        3d5       52%         4
 Olgreb's Toxic Radiance  Pois           2%         N/A       80%         4


Dungeon Overview and Level Annotations

Branches:
Dungeon (2/15)

Annotations:
D:2 Sigmund


Innate Abilities, Weirdness & Mutations

You have an increased reservoir of magic. (+10% MP)
You shall have no god before yourself.
Your divine heritage dramatically boosts your attributes as you level up.


Message History

You climb downwards.
Level annotation: Sigmund Sigmund gestures at you while chanting.
You resist with some effort.
There is a stone staircase leading up here.
Sigmund gestures at you while chanting.
You are confused.
There is a stone staircase leading up here.
Sigmund mumbles some strange words.
Sigmund flickers and vanishes!
Deactivating autopickup; reactivate with Ctrl-A.
In your confused state, you trip and fall back down the stairs.
Something hits you but does no damage.
HP restored.
You climb upwards.
Reactivating autopickup.
There is a stone staircase leading down here.
You start waiting.
You feel less confused. Something hits you!
Deactivating autopickup; reactivate with Ctrl-A.
Casting: Freeze (safe; 2% risk of failure)
Confirm with . or Enter, or press ? or * to list all spells.
The spell is quite dangerous to miscast (8% risk of failure)!
Continue anyway?
A film of ice covers your body! Something hits you.
Aiming: Freeze (safe; 2% risk of failure)
Press: ? - help, Q - select action Shift-Dir - straight line, f - you
Okay, then.
As you read the scroll labelled BASEFE FAR ZET, it crumbles to dust.
It is a scroll of enchant weapon.
You aren't carrying any weapons that can be enchanted.
Something hits you.
* * * LOW HITPOINT WARNING * * *
As you read the scroll labelled ZEFYCA XEARO, it crumbles to dust.
You feel strangely unstable.
It was a scroll of teleportation.
Something hits you.
* * * LOW HITPOINT WARNING * * *
Your icy armour cracks and falls away as you move.
Something hits you.
You die...

###..#############
##..............
##.....##########
##.......##
#.........########
#.................
#>........########
#.)...............
#@........###.....
#.........# #.....
#.....(...# #.....
#.........###.....
#....).)........†.
#.........###.....
##.......## #.....
##.....## #.....
###.### ######


There were no monsters in sight!

Vanquished Creatures
  2 dart slugs (D:1)
  3 ball pythons (D:1)
  2 endoplasms (D:1)
  2 giant cockroaches (D:1)
  7 goblins (D:1)
  3 hobgoblins
  4 jackals (D:1)
  6 kobolds (D:1)
  2 quokkas (D:1)
  4 bats (D:1)
  5 rats (D:1)
40 creatures vanquished.

Notes
Turn   | Place    | Note
-------+----------+-------------------------------------------
     0 | D:1      | Gabide the Demigod Ice Elementalist began the quest for the
                  | Orb.
     0 | D:1      | Reached XP level 1. HP: 14/14 MP: 5/5
   203 | D:1      | Reached XP level 2. HP: 17/20 MP: 4/7
   362 | D:1      | Reached skill level 4 in Ice Magic
   649 | D:1      | Reached XP level 3. HP: 17/27 MP: 3/8
  1230 | D:2      | Noticed Sigmund
  1356 | D:1      | Learned a level 3 spell: Ozocubu's Armour
  1517 | D:1      | Slain by Sigmund

Illustrated notes

Levels and vault maps discovered:
D:1:      co_arrival_square_in_a_square_in_a_square, layout_rooms
D:2:      layout_basic, serial_shops, nicolae_shop_statue_plus,
          kennysheep_big_empty_room, uniq_sigmund, uniq_robin

Skill      XL: |  1  2 |
---------------+-------+-----
Spellcasting   | 2 |  2.3
Dodging        | 2 |  2.2
Ice Magic      | 4 |  4.1
Fighting       | |  0.4
Stealth        | |  1.7

Action                   || total
-------------------------++-------
Melee: Unarmed           ||    33
 Cast: Freeze            ||    60
       Ozocubu's Armour  ||     1
  Use: Scroll            ||     3
Armor: Robe              ||    25
Dodge: Dodged            ||    51
